 Dungeon Crawl Stone Soup version 0.19.4 (webtiles) character file.

256 Jerry the Shield-Bearer (level 6, -10/49 HPs)
             Began as a Formicid Fighter on Feb 1, 2017.
             Mangled by Jerry's ghost (13 damage)
             ... on level 4 of the Dungeon.
             The game lasted 00:06:35 (2883 turns).

Jerry the Shield-Bearer (Formicid Fighter)          Turns: 2883, Time: 00:06:35

Health: -10/49     AC:  7    Str: 27    XL:     6   Next: 39%
Magic:  6/6        EV:  8    Int:  8    God:
Gold:   147        SH: 10    Dex: 10    Spells: 1 memorised, 4 levels left

rFire  . . .     SeeInvis +     a - +0 war axe
rCold  . . .     Gourm    .     b - +0 scale mail
rNeg   . . .     Faith    .     c - +0 shield
rPois  .         Spirit   .     (helmet unavailable)
rElec  .         Reflect  .     (no cloak)
rCorr  .         Harm     .     (no gloves)
MR     .....                    (no boots)
Stlth  ..........               (no amulet)
                                (no ring)
                                i - ring of wizardry

@: mighty
A: permanent stasis, dig shafts and tunnels, four strong arms, antennae 3
a: Dig, Shaft Self


You were on level 4 of the Dungeon.
You were not hungry.

You visited 1 branch of the dungeon, and saw 4 of its levels.

You collected 147 gold pieces.

Inventory:

Hand Weapons
 a - a +0 war axe (weapon)
 p - a +1 hand axe of venom
Armour
 b - a +0 scale mail (worn)
 c - a +0 shield (worn)
Jewellery
 i - a ring of wizardry (left hand)
Wands
 w - a wand of iceblast (7/15)
Scrolls
 g - 2 scrolls of recharging {unknown}
 h - 4 scrolls of random uselessness {unknown}
 j - 4 scrolls of identify {unknown}
 m - 2 scrolls of teleportation {unknown}
 r - a scroll of amnesia {unknown}
Potions
 e - a potion of heal wounds {unknown}
 k - 4 potions of brilliance {unknown}
 l - 4 potions of curing {unknown}
 n - a potion of lignification {unknown}
 s - a potion of flight {unknown}
 t - a potion of invisibility {unknown}
Books
 u - a book of Cantrips

   Spells                             Type                      Level
   a - Confusing Touch                Hexes                        1
   b - Animate Skeleton               Necromancy                   1
   c - Summon Small Mammal            Summoning                    1
   d - Apportation                    Translocation                1
Comestibles
 f - 5 bread rations
 o - a meat ration
 q - a chunk of flesh
 v - a royal jelly


   Skills:
 - Level 4.5 Fighting
 * Level 4.1 Axes
 + Level 4.3 Armour
 + Level 4.7 Shields
 + Level 0.2 Necromancy


You had 4 spell levels left.
You knew the following spells:

 Your Spells              Type           Power        Failure   Level  Hunger
a - Animate Skeleton      Necr           N/A          89%         1    ##.....


Dungeon Overview and Level Annotations

Branches:
Dungeon (4/15)
 Temple: D:4-7

Altars:

Annotations:
D:4 Jerry's ghost, amateur FoFi


Innate Abilities, Weirdness & Mutations

You are under a permanent stasis effect.
You can dig through walls and to a lower floor.
Your four strong arms can wield two-handed weapons with a shield.
You have a pair of large antennae on your head. (SInv)


Message History

Jerry's ghost hits you!
You barely miss Jerry's ghost.
Jerry's ghost is heavily damaged.
Jerry's ghost hits you. Jerry's ghost hits you!
You hit Jerry's ghost.
Jerry's ghost is heavily damaged.
Jerry's ghost hits you!
* * * LOW HITPOINT WARNING * * *
You are too injured to fight recklessly!
You are too injured to fight recklessly!
You barely miss Jerry's ghost.
Jerry's ghost is heavily damaged.
You block Jerry's ghost's attack.
Some of the chunks of flesh in your inventory have rotted away.
You closely miss Jerry's ghost.
Jerry's ghost is heavily damaged.
Jerry's ghost hits you.
* * * LOW HITPOINT WARNING * * *
Jerry's ghost hits you!
You die...

...........#..........#
..
.##...##...#.........##
# .
#...##...#........<##
#...####+##.........#
#... #.........#
#.........# #.........#
#....W....# #...@....##
#...###### #.<.##...##
#.........# #.........#
#.........# ######....#
##....# #..[..#


You could see Jerry's ghost.

Vanquished Creatures
  3 orc wizards
  4 gnolls (D:3)
  3 adders (D:3)
  3 oozes (D:1)
  4 worms
  2 dart slugs
  2 leopard geckos (D:3)
  6 orcs
  3 giant cockroaches
  6 goblins
  6 hobgoblins
  7 jackals
  7 kobolds
  2 quokkas (D:2)
  9 bats
  6 frilled lizards
  6 rats
79 creatures vanquished.

Notes
Turn   | Place    | Note
-------+----------+-------------------------------------------
     0 | D:1      | Jerry the Formicid Fighter began the quest for the Orb.
     0 | D:1      | Reached XP level 1. HP: 18/18 MP: 1/1
    52 | D:1      | Reached XP level 2. HP: 24/24 MP: 2/2
   130 | D:1      | Reached XP level 3. HP: 26/29 MP: 3/3
   858 | D:2      | Reached XP level 4. HP: 37/37 MP: 4/4
  1421 | D:3      | Reached XP level 5. HP: 41/42 MP: 5/5
  2304 | D:3      | Reached XP level 6. HP: 49/49 MP: 6/6
  2679 | D:4      | Learned a level 1 spell: Animate Skeleton
  2748 | D:4      | Noticed Jerry's ghost (amateur FoFi)
  2883 | D:4      | Mangled by Jerry's ghost

Skill      XL: |  1  2  3  4  5  6 |
---------------+-------------------+-----
Shields        | 4 |  4.7
Axes           | 3 4 |  4.1
Fighting       | 4 |  4.5
Armour         | 4 |  4.3
Necromancy     | |  0.2

Action                   |  1- 3 |  4- 6 || total
-------------------------+-------+-------++-------
Melee: War axe           |    98 |    21 ||   119
       Hand axe          |       |   123 ||   123
  Use: Potion            |       |     1 ||     1
  Eat: Chunk             |       |     7 ||     7
Armor: Scale mail        |    44 |    31 ||    75
Dodge: Dodged            |    34 |    41 ||    75
Block: Shield            |    55 |    70 ||   125
